 Dungeon Crawl Stone Soup version 0.30-a0-605-gb2882149bf (webtiles) character file.

Game seed: 598053816258772008

11 OTABOTABOTAB the Insei (level 2, -8/18 HPs)
             Began as an Octopode Transmuter on Jan 7, 2023.
             Mangled by a gnoll
             ... wielding a +0 club
              (9 damage)
             ... on level 1 of the Dungeon.
             The game lasted 00:00:41 (464 turns).

OTABOTABOTAB the Insei (Octopode Transmuter)         Turns: 464, Time: 00:00:42

Health: -8/18      AC:  1    Str:  9    XL:     2   Next: 29%
Magic:  4/5        EV: 13    Int: 15    God:
Gold:   16         SH:  0    Dex: 12    Spells: 4/5 levels left

rFire   . . .      SeeInvis .      - Unarmed
rCold   . . .      Faith    .    (no shield)
rNeg    + . .      Spirit   .    (helmet restricted)
rPois   .          Reflect  .    (no amulet)
rElec   .          Harm     .    N - ring of positive energy {rN+}
rCorr   .          Rampage  .    (no ring)
Will    .....                    (no ring)
Stlth   ++                       (no ring)
HPRegen 0.23/turn                (no ring)
MPRegen 0.09/turn                (no ring)
                                 (no ring)
                                 (no ring)

@: very slightly contaminated
A: almost no armour, amphibious, 8 rings, camouflage 1, gelatinous body 1,
(nimble swimmer 1), tentacles
a: no special abilities


You were on level 1 of the Dungeon.
You visited 1 branch of the dungeon, and saw 1 of its levels.

You collected 16 gold pieces.

Inventory:

Jewellery
 N - a ring of positive energy (left tentacle) {rN+}
   (You found it on level 1 of the Dungeon)
Scrolls
 a - a scroll of noise {unknown}
 b - a scroll of enchant armour {unknown}
Potions
 c - a potion of heal wounds {unknown}
 P - 2 potions of lignification {!q}


   Skills:
 - Level 1.0 Fighting
 - Level 2.0 Dodging
 + Level 3.2 Unarmed Combat
 - Level 2.0 Spellcasting
 + Level 2.3 Transmutations
 + Level 1.0 Ice Magic


You had 4 spell levels left.
You knew the following spells:

 Your Spells              Type           Power      Damage    Failure   Level
a - Beastly Appendage     Tmut           16%        N/A       9%          1

Your spell library contained the following spells:

 Spells                   Type           Power      Damage    Failure   Level
 Wereblood                Tmut           8%         N/A       13%         2
 Spider Form              Tmut/Pois      4%         N/A       38%         3
 Ice Form                 Ice/Tmut       6%         N/A       75%         4


Dungeon Overview and Level Annotations

Branches:
Dungeon (1/15)

Altars:


Innate Abilities, Weirdness & Mutations

You cannot wear most types of armour.
You are amphibious.
You can wear up to eight rings at the same time.
Your skin changes colour to match your surroundings (Stealth+).
Your rubbery body absorbs attacks. (AC +1, EV +1)
((You are camouflaged when in or above water. (Stealth+)))
You have tentacles for arms and can constrict up to eight enemies at once.


Message History

Health restored: 13 A kobold is nearby!
A kobold is nearby!
A kobold is nearby!
A kobold is nearby!
The kobold shouts!
You tentacle-slap the kobold.
You kill the kobold!
No target in view!
No target in view!
No target in view!
A goblin comes into view. It is wielding a +0 dagger.
Found a stone staircase leading down.
The goblin shouts!
A goblin is nearby!
A goblin is nearby!
A goblin is nearby!
You tentacle-slap the goblin. Your grab misses the goblin.
The goblin misses you.
You tentacle-slap the goblin. Your grab misses the goblin.
The goblin hits you with a +0 dagger.
You take 1 damage, and have 12/13 hp.
Unknown command.
You barely miss the goblin. Your grab misses the goblin.
You squeeze the goblin.
You kill the goblin!
You have reached level 2!
Health restored: 18; MP restored: 5 No target in view!
You open the door.
There is an open door here.
A hobgoblin comes into view.
A hobgoblin is nearby!
A hobgoblin is nearby!
A hobgoblin is nearby!
The hobgoblin barely misses you.
You tentacle-slap the hobgoblin but do no damage.
You grab the hobgoblin.
You squeeze the hobgoblin, but do no damage.
You constrict the hobgoblin. The hobgoblin hits you.
You take 3 damage, and have 15/18 hp.
Unknown command.
You tentacle-slap the hobgoblin.
You kill the hobgoblin!
No target in view!
No target in view!
You see here a hobgoblin corpse.
A kobold comes into view. It is wielding a +0 dagger.
Health restored: 18 A kobold is nearby!
A kobold is nearby!
The helpless kobold fails to defend itself.
You tentacle-slap the kobold. Your grab misses the kobold.
The kobold barely misses you.
Unknown command.
You closely miss the kobold. You grab the kobold. You squeeze the kobold.
You kill the kobold!
No target in view!
N - a ring of positive energy {rN+}
N - a ring of positive energy (left tentacle) {rN+} You now have 16 gold pieces (gained 11).
A bat comes into view.
A bat is nearby!
A bat is nearby!
A bat is nearby!
You tentacle-slap the bat.
You kill the bat!
No target in view!
No target in view!
A rat comes into view.
A rat is nearby!
A rat is nearby!
You tentacle-slap the rat.
You kill the rat!
Your Ice Magic skill increases to level 1!
A gnoll comes into view. It is wielding a +0 club.
The gnoll shouts!
You closely miss the gnoll. You grab the gnoll.
You constrict the gnoll, but do no damage.
A hobgoblin comes into view.
The gnoll hits you with a +0 club!
You take 7 damage, and have 11/18 hp.
MASSIVE DAMAGE!!
You miscast Beastly Appendage.
You are very lightly contaminated with residual magic.
Nothing appears to happen.
You constrict the gnoll. The gnoll closely misses you.
You now have 4/5 mp.
You tentacle-slap the gnoll. You constrict the gnoll.
The gnoll hits you with a +0 club.
You take 3 damage, and have 8/18 hp.
You completely miss the gnoll. You constrict the gnoll.
The gnoll hits you with a +0 club!
* * * LOW HITPOINT WARNING * * *
You take 7 damage, and have 1/18 hp.
MASSIVE DAMAGE!!
You tentacle-slap the gnoll but do no damage.
You constrict the gnoll. The gnoll hits you with a +0 club!
Ouch! That really hurt!
You die...

................. ..
...............# ..#
#..####.######.. ....
####..####.######.#
....##..............##.#
.............#......##.#
.............###....##..
.....#.......# #.##.....
.......@###.####.##.#...
.......g# #.............
###.....###.#.......###.
.......g##.....#+#### #.
........##..#......####.
........##..#...........
........##..#......##♣♣♣
........##..#......#♣♣..
+)..#......♣♣.♣♣


You could see a gnoll and a hobgoblin.

Vanquished Creatures
  A bat (D:1)
  A goblin (D:1)
  A hobgoblin (D:1)
  3 quokkas (D:1)
  2 kobolds (D:1)
  2 rats (D:1)
10 creatures vanquished.

Notes
Turn   | Place    | Note
-------+----------+-------------------------------------------
     0 | D:1      | OTABOTABOTAB the Octopode Transmuter began the quest for
                  | the Orb.
     0 | D:1      | Reached XP level 1. HP: 13/13 MP: 3/3
   139 | D:1      | Found a faded altar of an unknown god.
   210 | D:1      | Reached XP level 2. HP: 18/18 MP: 5/5
   445 | D:1      | Reached skill level 1 in Ice Magic
   463 | D:1      | HP: 1/18 [gnoll/+0 club (7)]
   464 | D:1      | Mangled by a gnoll

Illustrated notes

Levels and vault maps discovered:
D:1:      nagdon_arrival_double_spiral, layout_basic,
          hellmonk_ecumenical_altar_leap_of_faith, minmay_distorted

Skill      XL: |  1  2 |
---------------+-------+-----
Ice Magic      | 1 |  1.0
Fighting       | |  1.0
Dodging        | |  2.0
Unarmed Combat | |  3.2
Spellcasting   | |  2.0
Transmutations | |  2.3

Action                   || total
-------------------------++-------
Melee: Unarmed           ||    21
       Constrict         ||     6
       Tentacles         ||     4
       Kick              ||     1
       Punch             ||     1
 Cast: Beastly Appendage ||     1
 Stab: Sleeping          ||     2
Armor: Skin              ||     1
Dodge: Dodged            ||     5

Table legend: (Time is in decaauts)
 A = Elapsed time spent in this place.
 B = Non-inter-level travel time spent in this place.
 C = Inter-level travel time spent in this place.
 D = Time resting spent in this place.
 E = Time spent auto-exploring this place.
 F = Levels seen in this place.
 G = Mean time per level.
                   A        B        C        D        E       F      G
               +--------+--------+--------+--------+--------+-----+--------+
         Total |    462 |    462 |      0 |      0 |    383 |   1 |  462.0 |
       Dungeon |    462 |    462 |      0 |      0 |    383 |   1 |  462.0 |
               +--------+--------+--------+--------+--------+-----+--------+

Top non-repeatable levels by time:
     D:1: 462 daAuts

Table legend:
 A = Kills in this place as a percentage of kills in entire the game.
 B = Kills by you in this place as a percentage of kills by you in the entire game.
 C = Kills by friends in this place as a percentage of kills by friends in the entire game.
 D = Other kills in this place as a percentage of other kills in the entire game.
 E = Experience gained in this place as a percentage of experience gained in the entire game.
 F = Experience gained in this place divided by the number of levels of this place that you have seen.
                   A       B       C       D       E      F
               +-------+-------+-------+-------+-------+----------------------
         Total | 100.0 | 100.0 |   N/A |   N/A | 100.0 |  17.0
       Dungeon | 100.0 | 100.0 |   N/A |   N/A | 100.0 |  17.0
               +-------+-------+-------+-------+-------+----------------------
